 Dungeon Crawl Stone Soup version 0.31-a0-986-g5e6e4ef867 (webtiles) character file.

Game seed: 3223225411315146897

92 subawu the Ruffian (level 4, 0/34 HPs)
             Began as a Gnoll Shapeshifter on Oct 25, 2023.
             Slain by an endoplasm (3 damage)
             ... on level 3 of the Dungeon on Nov 14, 2023.
             The game lasted 00:05:53 (1812 turns).

subawu the Ruffian (Gnoll Shapeshifter)             Turns: 1812, Time: 00:05:54

Health: 0/34       AC:  0    Str: 16    XL:     4   Next: 60%
Magic:  5/5        EV: 21    Int:  9    God:
Gold:   99         SH:  0    Dex: 16    Spells: 5/5 levels left

rFire   . .          .
                       - Unarmed
rCold   . . .        (shield currently unavailable)
rNeg    . . .        x - melded +1 plate armour of Jenwec {rC+ rN++ Str+3 Stlth-}
rPois   .            (helmet currently unavailable)
rElec   .            (cloak currently unavailable)
rCorr   .            (gloves currently unavailable)
SInv    .            (boots currently unavailable)
Will    .....        h - amulet of the acrobat
Stlth   ++           (ring currently unavailable)
HPRegen 0.25/turn    (ring currently unavailable)
MPRegen 0.09/turn

%: acrobat
@: bat-form (expiring), flying, very quick
A: fast, flying, no casting, tiny, (fangs 1), strong nose, distributed training
a: no special abilities


You were on level 3 of the Dungeon.
You were a bat.
You visited 1 branch of the dungeon, and saw 3 of its levels.

You collected 99 gold pieces.

Inventory:

Hand Weapons
 q - a +1 dagger of pain
Missiles
 m - 12 stones (quivered)
Armour
 a - a +0 animal skin
 f - a +0 ring mail
 p - a +0 scale mail
 x - the +1 plate armour of Jenwec (melded) {rC+ rN++ Str+3 Stlth-}
   (You found it on level 2 of the Dungeon)

   Str+3:     It affects your strength (+3).
   rC+:       It protects you from cold.
   rN++:      It greatly protects you from negative energy.
   Stlth-:    It makes you less stealthy.
Jewellery
 h - an amulet of the acrobat (around neck)
 o - an amulet of reflection
 w - a ring of resist corrosion
Talismans
 c - a beast talisman
 d - a flux talisman
Scrolls
 e - 2 scrolls of fog {unknown}
 j - a scroll of butterflies {unknown}
 k - 2 scrolls of blinking {unknown}
 l - 3 scrolls of immolation {unknown}
 n - a scroll of acquirement {unknown}
 s - a scroll of revelation {unknown}
 t - 3 scrolls of identify {unknown}
 u - a scroll of amnesia {unknown}
Potions
 b - a potion of lignification
 g - a potion of brilliance {unknown}
 i - a potion of berserk rage {unknown}
 r - a potion of might {unknown}
 v - a potion of mutation {unknown}
 z - a potion of haste {unknown}
 A - a potion of resistance {unknown}


   Skills:
 + Level 2.8 Fighting
 + Level 1.2 Short Blades
 + Level 1.2 Long Blades
 + Level 1.2 Axes
 + Level 1.2 Maces & Flails
 + Level 1.2 Polearms
 + Level 1.2 Staves
 + Level 1.2 Ranged Weapons
 + Level 1.2 Throwing
 + Level 1.2 Armour
 + Level 4.7 Dodging
 + Level 1.2 Stealth
 + Level 1.2 Shields
 + Level 6.6 Unarmed Combat
 + Level 1.2 Spellcasting
 + Level 1.0 Conjurations
 + Level 1.0 Hexes
 + Level 1.0 Summonings
 + Level 1.0 Necromancy
 + Level 1.0 Translocations
 + Level 1.0 Transmutations
 + Level 1.0 Fire Magic
 + Level 1.0 Ice Magic
 + Level 1.0 Air Magic
 + Level 1.0 Earth Magic
 + Level 1.0 Poison Magic
 + Level 1.3 Invocations
 + Level 1.2 Evocations
 + Level 6.6 Shapeshifting


You had 5 spell levels left.
You didn't know any spells.
Your spell library contained the following spells:

 Spells                   Type           Power      Damage    Failure   Level
 Blink                    Tloc           4%         N/A       34%         2
 Dazzling Flash           Conj/Hex       4%         N/A       56%         3
 Volatile Blastmotes      Fire/Tloc      4%         2d10      56%         3
 Manifold Assault         Tloc           2%         N/A       93%         4
 Starburst                Conj/Fire      1%         6d3       100%        6
 Maxwell's Capacitive Co  Air            1%         ∞         100%        8


Dungeon Overview and Level Annotations

Branches:
Dungeon (3/15)

Altars:
Ashenzari
Kikubaaqudgha
Okawaru

Annotations:
D:3 Ijyb


Innate Abilities, Weirdness & Mutations

You are a bat.
You are tiny and dextrous.
You move quickly.
You are flying.
Your equipment is almost entirely melded.
You are incapable of wielding weapons or throwing items.
You cannot cast spells.
((You have very sharp teeth.))
Your uncanny sense of smell can sniff out nearby items.
Your experience applies equally to all skills.


Message History

Ijyb misses you. The endoplasm completely misses you.
You hit Ijyb.
Ijyb is heavily wounded.
Ijyb misses you. The endoplasm freezes you.
You are frozen.
* * * LOW HITPOINT WARNING * * *
You hit Ijyb but do no damage.
Ijyb is heavily wounded.
Ijyb barely misses you. The endoplasm freezes you.
You are frozen.
* * * LOW HITPOINT WARNING * * *
You closely miss Ijyb.
Ijyb is heavily wounded.
Ijyb closely misses you. The endoplasm barely misses you.
You hit Ijyb but do no damage.
Ijyb is moderately wounded.
Ijyb screams, "No!
No, no, no, no!"
Ijyb closely misses you. The endoplasm barely misses you.
You barely miss Ijyb.
Ijyb is moderately wounded.
Ijyb closely misses you. The endoplasm completely misses you.
You barely miss Ijyb.
Ijyb is moderately wounded.
Your transformation is almost over.
Ijyb misses you. The endoplasm freezes you.
You are frozen.
* * * LOW HITPOINT WARNING * * *
You hit Ijyb but do no damage.
Ijyb is moderately wounded.
Ijyb misses you. The endoplasm misses you.
You hit Ijyb.
Ijyb is heavily wounded.
Ijyb closely misses you. The endoplasm barely misses you.
You closely miss Ijyb.
Ijyb is heavily wounded.
Ijyb misses you. The endoplasm hits you.
You die...

..#........### #.###..#
###....##....## #.#....#
⌠.##+##.⌠#....# #...##.#
.........#....# ##.##......#
#......†#..#..##
........####
#.......#...#..######.####.#
+..._...+...#.........# #.#
#.......#...#.##.####.# #.#
#.......####..##b# #.#
......... ..^.#Jg# #.#
⌠.##+#..⌠......... #.# ##
.#.##.####.### #)# .#.... ..
#.# .# ∆ .############.#
..#...........# .
.........##### ∆.#.#####.#


You could see Ijyb and an endoplasm.

Vanquished Creatures
  An iguana (D:3)
  An adder (D:2)
  2 worms
  An orc (D:3)
  8 ball pythons
  5 bats
  3 endoplasms
  4 giant cockroaches
  5 goblins
  7 hobgoblins
  4 frilled lizards
  2 kobolds
  4 rats
47 creatures vanquished.

Notes
Turn   | Place    | Note
-------+----------+-------------------------------------------
     0 | D:1      | subawu the Gnoll Shapeshifter began the quest for the Orb.
     0 | D:1      | Reached XP level 1. HP: 17/17 MP: 1/1
    24 | D:1      | Upgraded the game from 0.31-a0-963-ga325b2283a to
                  | 0.31-a0-986-g5e6e4ef867
    88 | D:1      | Reached XP level 2. HP: 23/23 MP: 2/2
   339 | D:1      | Reached XP level 3. HP: 23/28 MP: 3/3
  1021 | D:2      | Reached skill level 1 in Invocations
  1287 | D:2      | Identified the +1 plate armour of Jenwec {rC+ rN++ Str+3
                  | Stlth-}
  1377 | D:2      | Reached skill level 1 in Short Blades
  1377 | D:2      | Reached skill level 1 in Long Blades
  1377 | D:2      | Reached skill level 1 in Axes
  1377 | D:2      | Reached skill level 1 in Maces & Flails
  1377 | D:2      | Reached skill level 1 in Polearms
  1377 | D:2      | Reached skill level 1 in Staves
  1377 | D:2      | Reached skill level 1 in Ranged Weapons
  1377 | D:2      | Reached skill level 1 in Throwing
  1377 | D:2      | Reached skill level 1 in Armour
  1377 | D:2      | Reached skill level 1 in Stealth
  1377 | D:2      | Reached skill level 1 in Shields
  1377 | D:2      | Reached skill level 1 in Spellcasting
  1377 | D:2      | Reached skill level 1 in Evocations
  1571 | D:3      | Found an ancient bone altar of Kikubaaqudgha.
  1611 | D:3      | Reached XP level 4. HP: 21/34 MP: 5/5
  1612 | D:3      | Reached skill level 1 in Conjurations
  1612 | D:3      | Reached skill level 1 in Hexes
  1612 | D:3      | Reached skill level 1 in Summonings
  1612 | D:3      | Reached skill level 1 in Necromancy
  1612 | D:3      | Reached skill level 1 in Translocations
  1612 | D:3      | Reached skill level 1 in Transmutations
  1612 | D:3      | Reached skill level 1 in Fire Magic
  1612 | D:3      | Reached skill level 1 in Ice Magic
  1612 | D:3      | Reached skill level 1 in Air Magic
  1612 | D:3      | Reached skill level 1 in Earth Magic
  1612 | D:3      | Reached skill level 1 in Poison Magic
  1743 | D:3      | Found an iron altar of Okawaru.
  1761 | D:3      | Found a broken altar of Ashenzari.
  1783 | D:3      | Noticed Ijyb
  1812 | D:3      | Slain by an endoplasm

Illustrated notes

Levels and vault maps discovered:
D:1:      kennysheep_arrival_seaside, layout_rooms
D:2:      layout_loops_ring
D:3:      layout_basic, evilmike_ruin_ashenzari,
          mainiacjoe_overflow_catch_the_wave, uniq_ijyb, uniq_crazy_yiuf_cottage

Skill      XL: |  1  2  3  4 |
---------------+-------------+-----
Invocations    | 1 |  1.3
Short Blades   | 1 |  1.2
Long Blades    | 1 |  1.2
Axes           | 1 |  1.2
Maces & Flails | 1 |  1.2
Polearms       | 1 |  1.2
Staves         | 1 |  1.2
Ranged Weapons | 1 |  1.2
Throwing       | 1 |  1.2
Armour         | 1 |  1.2
Stealth        | 1 |  1.2
Shields        | 1 |  1.2
Spellcasting   | 1 |  1.2
Evocations     | 1 |  1.2
Conjurations   | 1 |  1.0
Hexes          | 1 |  1.0
Summonings     | 1 |  1.0
Necromancy     | 1 |  1.0
Translocations | 1 |  1.0
Transmutations | 1 |  1.0
Fire Magic     | 1 |  1.0
Ice Magic      | 1 |  1.0
Air Magic      | 1 |  1.0
Earth Magic    | 1 |  1.0
Poison Magic   | 1 |  1.0
Fighting       | |  2.8
Dodging        | |  4.7
Unarmed Combat | |  6.6
Shapeshifting  | |  6.6

Action                     |  1- 3 |  4- 6 || total
---------------------------+-------+-------++-------
  Melee: Unarmed           |    78 |    41 ||   119
         Bite              |     9 |     2 ||    11
         Punch             |     3 |       ||     3
  Throw: Stone             |     1 |       ||     1
 Armour: Ring mail         |    34 |       ||    34
         Scale mail        |    10 |       ||    10
         Plate armour      |     9 |     5 ||    14
         Skin              |       |     7 ||     7
  Dodge: Dodged            |    50 |    35 ||    85

Table legend: (Time is in decaauts)
 A = Elapsed time spent in this place.
 B = Non-inter-level travel time spent in this place.
 C = Inter-level travel time spent in this place.
 D = Time resting spent in this place.
 E = Time spent auto-exploring this place.
 F = Levels seen in this place.
 G = Mean time per level.
                   A        B        C        D        E       F      G
               +--------+--------+--------+--------+--------+-----+--------+
         Total |   1801 |   1765 |     36 |      0 |   1102 |   3 |  600.3 |
       Dungeon |   1801 |   1765 |     36 |      0 |   1102 |   3 |  600.3 |
               +--------+--------+--------+--------+--------+-----+--------+

Top non-repeatable levels by time:
     D:2: 707 daAuts
     D:1: 685 daAuts
     D:3: 409 daAuts
